 Dungeon Crawl Stone Soup version 0.22-a0-398-g8bb545f (webtiles) character file.

55 emperorscorpion the Shield-Bearer (level 3, -3/23 HPs)
             Began as a Gargoyle Fighter on May 5, 2018.
             Was an Initiate of Cheibriados.
             Slain by an iguana (4 damage)
             ... on level 3 of the Dungeon.
             The game lasted 00:01:48 (1776 turns).

emperorscorpion the Shield-Bearer (GrFi)            Turns: 1776, Time: 00:01:49

Health: -3/23      AC: 11    Str: 21    XL:     3   Next: 93%
Magic:  3/3        EV: 12    Int:  9    God:    Cheibriados [......]
Gold:   68         SH: 10    Dex: 15    Spells: 2/2 levels left

rFire    + . .     SeeInvis .   a - +1 flail
rCold    + . .     Gourm    .   c - +0 shield
rNeg     + . .     Faith    .   b - +0 scale mail
rPois    ∞         Spirit   .   g - +1 hat
rElec    +         Reflect  .   (no cloak)
rCorr    +         Harm     .   (no gloves)
MR       .....                  (no boots)
Stlth    +.........             (no amulet)
HPRegen  0.07/turn              e - ring of poison resistance
MPRegen  0.08/turn              (no ring)

@: agile, resistant, very slow
A: negative energy resistance 1, electricity resistance, unbreathing,
petrification resistance, rot immunity, AC +3
a: Bend Time, Renounce Religion


You were on level 3 of the Dungeon.
You worshipped Cheibriados.
Cheibriados was noncommittal.
You were not hungry.

You visited 1 branch of the dungeon, and saw 3 of its levels.

You collected 68 gold pieces.

Inventory:

Hand Weapons
 a - a +1 flail (weapon)
Missiles
 u - 17 poisoned needles
Armour
 b - a +0 scale mail (worn)
 c - a +0 shield (worn)
 g - a +1 hat (worn)
Jewellery
 e - a ring of poison resistance (left hand)
Wands
 r - a wand of scattershot (4)
Scrolls
 i - a scroll of fear {unknown}
 j - a scroll of amnesia {unknown}
 k - a scroll of teleportation {unknown}
 o - 2 scrolls of remove curse {unknown}
 q - 4 scrolls of identify {unknown}
 t - a scroll of noise {unknown}
Potions
 d - a potion of might
Comestibles
 f - 4 rations
 v - 3 chunks of flesh


   Skills:
 + Level 3.4 Fighting
 + Level 2.9 Maces & Flails
 + Level 3.6 Armour
 + Level 0.3 Dodging
 + Level 4.0 Shields


You had 2 spell levels left.
You didn't know any spells.

Dungeon Overview and Level Annotations

Branches:
Dungeon (3/15)

Altars:
Ashenzari
Cheibriados
Hepliaklqana
Nemelex Xobeh
Trog

Annotations:
D:3 Ijyb


Innate Abilities, Weirdness & Mutations

You are resistant to torment.
Your stone body is resilient. (AC +3)
You are immune to poison.
You resist negative energy. (rN+)
You are resistant to electric shocks. (rElec)
You can survive without breathing.
You are immune to petrification.
You are immune to rotting.


Message History

It was a potion of resistance.
You feel protected.
Ijyb zaps a wand.
The puff of flame hits you! You resist. The iguana bites you.
The frilled lizard bites you but does no damage.
It was a potion of agility.
You feel agile all of a sudden. Ijyb misses you. You block the iguana's attack.
You block the frilled lizard's attack.
You closely miss Ijyb.
Ijyb zaps a wand.
The puff of flame hits you! You resist. The iguana misses you.
The frilled lizard misses you. You block Ijyb's attack.
Your shield prevents you from hitting Ijyb.
The iguana closely misses you. You block the frilled lizard's attack.
Ijyb zaps a wand.
You block the puff of flame. The iguana bites you.
* * * LOW HITPOINT WARNING * * *
As you read the scroll labeled WUHIUL ZITRIUTESI, it crumbles to dust.
It is a scroll of enchant weapon.
Your +0 flail glows red for a moment.
You block the frilled lizard's attack. Ijyb hits you but does no damage.
The iguana bites you.
You die...

### #.. #.# .# #.# .#
##.## .# #####.#.## .#
..###....###.#### .#
#.......## ##g@l# .#
#####....###.##l##.#####
##.##.#.###b.......#
#.###.........###.#
#..############ #.# #..#
#.# .####..####### #.#
.)............# #.#
#.####...####.## #.#


You could see Ijyb, an iguana, a bat and a frilled lizard.

Vanquished Creatures
  2 adders
  An ooze (D:2)
  A worm (D:2)
  3 dart slugs
  A leopard gecko (D:1)
  A ball python (D:1)
  A bat (D:1)
  A giant cockroach (D:1)
  3 goblins
  2 hobgoblins (D:1)
  A kobold (D:1)
  2 quokkas
  2 frilled lizards (D:3)
  4 rats
25 creatures vanquished.

Notes
Turn   | Place    | Note
-------+----------+-------------------------------------------
     0 | D:1      | emperorscorpion the Gargoyle Fighter began the quest for the Orb.
     0 | D:1      | Reached XP level 1. HP: 14/14 MP: 1/1
   202 | D:1      | Reached XP level 2. HP: 19/19 MP: 2/2
   740 | D:2      | Reached XP level 3. HP: 23/23 MP: 3/3
   795 | D:2      | Found a shattered altar of Ashenzari.
   845 | D:2      | Found a bloodstained altar of Trog.
   845 | D:2      | Found a sparkling altar of Nemelex Xobeh.
   851 | D:2      | Reached skill level 4 in Shields
   911 | D:2      | Found a snail-covered altar of Cheibriados.
   923 | D:2      | Became a worshipper of Cheibriados the Contemplative
  1612 | D:2      | Found a hazy altar of Hepliaklqana.
  1735 | D:3      | Noticed Ijyb
  1762 | D:3      | HP: 1/23 [Ijyb/wand of flame (36) (9)]
  1775 | D:3      | HP: 1/23 [iguana (6)]
  1776 | D:3      | Slain by an iguana

Vault maps used:
D:1:      shiori_arrival_elements, serial_forest, infiniplex_forest_straight_1,
          infiniplex_forest_clump_C, infiniplex_forest_split,
          infiniplex_forest_clump_small, infiniplex_forest_clump_double
D:2:      lemuel_crystal_altar, kennysheep_slug_shrine, minitemple
D:3:      first_ration, uniq_ijyb

Skill      XL: |  1  2  3 |
---------------+----------+-----
Shields        | 4 |  4.0
Fighting       | |  3.4
Maces & Flails | |  2.9
Armour         | |  3.6
Dodging        | |  0.3

Action                   || total
-------------------------++-------
Melee: Flail             ||    96
  Use: Potion            ||     6
       Scroll            ||     1
  Eat: Chunk             ||     3
Armor: Scale mail        ||    57
Dodge: Dodged            ||    41
Block: Shield            ||    67

Table legend:
 A = Spawn XP
 B = Non-spawn XP
 C = Spawn XP percentage of total XP
 D = Spawn monster count
 E = Non-spawn monster count
 F = Spawn count percentage of total count
 G = Total turns spent on level
                    A         B        C        D         E        F      G
               +---------+---------+-------+---------+---------+-------+---------
         Total |       0 |      79 |   0.0 |       0 |      25 |   0.0 |  1776
               +---------+---------+-------+---------+---------+-------+---------
           D:1 |       0 |      28 |   0.0 |       0 |      13 |   0.0 |   718
           D:2 |       0 |      34 |   0.0 |       0 |       8 |   0.0 |   937
           D:3 |       0 |      17 |   0.0 |       0 |       4 |   0.0 |   121
               +---------+---------+-------+---------+---------+-------+---------
